 Dungeon Crawl Stone Soup version 0.28.0-53-g5a82cb258f (webtiles) character file.

Game seed: 15246132630166435705

258 lilliandrift the Cutter (level 5, 0/40 HPs)
             Began as a Demonspawn Gladiator on June 29, 2022.
             Killed by divine providence
             ... invoked by an orc priest
              (13 damage)
             ... on level 4 of the Dungeon.
             The game lasted 00:15:38 (3423 turns).

lilliandrift the Cutter (Demonspawn Gladiator)      Turns: 3423, Time: 00:15:38

Health: 0/40       AC:  9    Str: 14    XL:     5   Next: 94%
Magic:  5/5        EV: 13    Int: 18    God:
Gold:   126        SH:  0    Dex: 14    Spells: 4/4 levels left

rFire   + . .      SeeInvis .   m - +3 dagger (speed)
rCold   + . .      Faith    .   (no shield)
rNeg    . . .      Spirit   .   r - +2 robe {rC+ rF+}
rPois   .          Reflect  .   c - +0 helmet
rElec   .          Harm     .   (no cloak)
rCorr   .          Rampage  .   p - +0 pair of gloves
Will    .....                   n - +0 pair of boots
Stlth   ++........              (no amulet)
HPRegen 0.13/turn               o - +6 ring of intelligence
MPRegen 0.09/turn               (no ring)

@: no status effects
A: claws 1, icy blue scales 1
a: no special abilities


You were on level 4 of the Dungeon.
You visited 1 branch of the dungeon, and saw 4 of its levels.

You collected 126 gold pieces.

Inventory:

Hand Weapons
 a - a +0 rapier
 h - a +0 short sword
 m - a +3 dagger of speed (weapon)
Missiles
 d - 3 throwing nets (quivered)
Armour
 b - a +0 leather armour
 c - a +0 helmet (worn)
 e - a +0 ring mail
 j - a +0 scale mail
 k - a +0 plate armour
 n - a +0 pair of boots (worn)
 p - a +0 pair of gloves (worn)
 r - a +2 robe of resistance (worn)
Magical Staves
 q - a staff of poison
Jewellery
 o - a +6 ring of intelligence (left hand)
Scrolls
 f - a scroll of enchant weapon
 g - a scroll of teleportation
 l - 2 scrolls of vulnerability {unknown}
Potions
 i - a potion of curing
 s - a potion of invisibility {unknown}


   Skills:
 * Level 2.9 Fighting
 * Level 4.4 Short Blades
 + Level 1.8 Throwing
 + Level 2.2 Armour
 + Level 3.3 Dodging
 * Level 1.3 Stealth


You had 4 spell levels left.
You didn't know any spells.
Your spell library contained the following spells:

 Spells                   Type           Power      Damage    Failure   Level
 Summon Guardian Golem    Hex/Summ       0%         N/A       54%         3
 Orb of Destruction       Conj           0%         9d5       100%        7
 Spellforged Servitor     Conj/Summ      0%         N/A       100%        7


Dungeon Overview and Level Annotations

Branches:
Dungeon (4/15)
 Temple: D:4-7

Altars:
The Shining One


Innate Abilities, Weirdness & Mutations

You have sharp fingernails.
You are partially covered in icy blue scales. (AC +2)


Message History

a +0 whip; a stone; a kobold corpse
Found 26 bolts.
l - 2 scrolls labelled AQABBIM AM TEH (gained 1)
Things that are here:
a +0 whip; a stone; a kobold corpse
Things that are here:
a +0 whip; a stone; a kobold corpse
Found 6 gold pieces.
An orc priest comes into view. It is wielding a +0 falchion.
The orc priest shouts!
The orc priest calls down the wrath of Beogh upon you.
Beogh smites you!
You hear a shout!
The orc priest mumbles some strange prayers to Beogh against you.
Beogh smites you!
* * * LOW HITPOINT WARNING * * *
As you read the scroll of teleportation, it crumbles to dust.
You feel strangely unstable.
An orc comes into view. It is wielding a +0 flail.
As you read the scroll of teleportation, it crumbles to dust.
You feel strangely stable.
An orc comes into view. It is wielding a +0 hand axe.
There is a stone staircase leading down here.
An orc priest is nearby!
There is a stone staircase leading up here.
There is a stone staircase leading down here.
Things that are here:
a +0 short sword; 2 stones The orc priest looks satisfied for a moment.
You start resting.
An orc priest is nearby!
The orc priest looks satisfied for a moment.
You start resting.
An orc priest is nearby!
A scorpion comes into view.
As you read the scroll of enchant weapon, it crumbles to dust.
Your +2 dagger of speed glows red for a moment.
The orc priest mumbles some strange prayers to Beogh against you.
Beogh smites you!
You die...

#.# #.# #.# #.# # #.# #.#
#### #.# #.##.#######.#
...#####.###
#....o..o.oo.#
...........#
####.#######.#
...####.##.############.#
#.. #.##
#.##.......o..o...# #.#
#.# #.########..o..####
#.# ..# #.# ####@###.#
#.# ### #.# #......#.#
#.. #.# #.##.#.#.# ..<
#.# # ....... #.#####.#
#s .# .. .# #. #.


You could see a scorpion, an orc priest and 2 orcs.

Vanquished Creatures
  A water moccasin (D:3)
  Jessica (D:3)
  An iguana (D:4)
  A hound skeleton (D:3)
  2 adders (D:2)
  3 worms
  2 dart slugs
  6 ball pythons
  An endoplasm (D:2)
  2 giant cockroaches
  6 goblins
  8 hobgoblins
  12 jackals
  4 kobolds
  2 quokkas
  7 bats
  3 frilled lizards
  2 rats
64 creatures vanquished.

Notes
Turn   | Place    | Note
-------+----------+-------------------------------------------
     0 | D:1      | lilliandrift the Demonspawn Gladiator began the quest for
                  | the Orb.
     0 | D:1      | Reached XP level 1. HP: 16/16 MP: 1/1
   279 | D:1      | Gained mutation: You have sharp fingernails. [demonic
                  | ancestry]
   279 | D:1      | Reached XP level 2. HP: 22/22 MP: 2/2
   526 | D:1      | Reached skill level 3 in Short Blades
  1009 | D:2      | Gained mutation: You are partially covered in icy blue
                  | scales. (AC +2) [demonic ancestry]
  1009 | D:2      | Reached XP level 3. HP: 24/27 MP: 3/3
  1654 | D:2      | Reached skill level 1 in Armour
  1790 | D:2      | Reached XP level 4. HP: 34/34 MP: 4/4
  2112 | D:3      | Noticed a water moccasin
  2129 | D:3      | Killed a water moccasin
  2130 | D:3      | Reached skill level 1 in Stealth
  2130 | D:3      | Reached XP level 5. HP: 11/40 MP: 5/5
  2355 | D:3      | Reached skill level 4 in Short Blades
  2777 | D:3      | Noticed Jessica
  2796 | D:3      | Killed Jessica
  3423 | D:4      | Killed from afar by an orc priest

Illustrated notes

Levels and vault maps discovered:
D:1:      minmay_arrival_wavy_path, layout_rooms, dk_noncrumbling_2
D:2:      layout_loops_cross
D:3:      layout_rooms, serial_glass, glass_columns_b, glass_columns_c,
          minmay_strange_pillars, item_on_display_a, feat_on_display,
          palyth_stone_intersect, uniq_jessica
D:4:      layout_loops_ring, lemuel_tele_altar, lemuel_round_altar,
          mainiacjoe_overflow_small_starburst, minmay_temple_entry_glassed_door,
          guppyfry_shop_venom

Skill      XL: |  1  2  3  4  5 |
---------------+----------------+-----
Short Blades   | 3 4 |  4.4
Dodging        | 3 |  3.3
Armour         | 1 2 |  2.2
Stealth        | 1 |  1.3
Fighting       | |  2.9
Throwing       | |  1.8

Action                   |  1- 3 |  4- 6 || total
-------------------------+-------+-------++-------
Melee: Rapier            |    18 |       ||    18
       Short sword       |    47 |       ||    47
       Punch             |     1 |       ||     1
       Dagger            |    50 |   133 ||   183
  Use: Potion            |     4 |     1 ||     5
       Scroll            |     1 |     4 ||     5
 Stab: Sleeping          |       |     2 ||     2
Armor: Ring mail         |    12 |       ||    12
       Plate armour      |    95 |    60 ||   155
       Robe              |       |     9 ||     9
Dodge: Dodged            |    38 |    38 ||    76
